 Dungeon Crawl Stone Soup version 0.26-a0-597-gb535b0901c (webtiles) character file.

Game seed: 842228260236129981

51 Apogee the Stinger (level 3, 0/26 HPs)
             Began as a Gnoll Venom Mage on Sept 11, 2020.
             Succumbed to Sigmund's poison
             ... on level 2 of the Dungeon.
             The game lasted 00:02:10 (992 turns).

Apogee the Stinger (Gnoll Venom Mage)                Turns: 992, Time: 00:02:10

Health: 0/26       AC:  5    Str: 11    XL:     3   Next: 83%
Magic:  5/9        EV: 14    Int: 17    God:
Gold:   45         SH:  0    Dex: 15    Spells: 11/12 levels left

rFire    . . .     SeeInvis .   o - +0 long sword
rCold    . . .     Faith    .   (no shield)
rNeg     . . .     Spirit   .   h - +2 leather armour {MR+}
rPois    .         Reflect  .   (no helmet)
rElec    .         Harm     .   (no cloak)
rCorr    .                      (no gloves)
MR       +....                  (no boots)
Stlth    ++........             (no amulet)
HPRegen  0.08/turn              (no ring)
MPRegen  0.11/turn              (no ring)

@: lethally poisoned (0 -> -19)
A: distributed training, fangs 1, strong nose
a: no special abilities


You were on level 2 of the Dungeon.
You visited 1 branch of the dungeon, and saw 2 of its levels.

You collected 45 gold pieces.

Inventory:

Hand Weapons
 c - a +0 club
   (You took it off a hobgoblin on level 1 of the Dungeon)
 d - a +0 short sword
   (You took it off a kobold on level 1 of the Dungeon)
 o - a +0 long sword (weapon)
   (You found it on level 2 of the Dungeon)
Missiles
 f - 32 stones (quivered)
Armour
 a - a +0 robe
 b - a +0 leather armour
   (You found it on level 1 of the Dungeon)
 h - a +2 leather armour of magic resistance (worn)
   (You found it on level 1 of the Dungeon)
 n - a +0 kite shield
   (You found it on level 2 of the Dungeon)
Scrolls
 g - a scroll of noise {unknown}
 k - 3 scrolls of remove curse {unknown}
 l - a scroll of fear {unknown}
 m - a scroll of teleportation {unknown}
Potions
 e - 2 potions of flight


   Skills:
 + Level 1.0 Fighting
 + Level 1.0 Short Blades
 + Level 1.0 Long Blades
 + Level 1.0 Axes
 + Level 1.0 Maces & Flails
 + Level 1.0 Polearms
 + Level 1.0 Staves
 + Level 1.0 Slings
 + Level 1.0 Bows
 + Level 1.0 Crossbows
 + Level 1.0 Throwing
 + Level 1.0 Armour
 + Level 4.6 Dodging
 + Level 4.2 Stealth
 + Level 1.0 Shields
 + Level 1.0 Unarmed Combat
 + Level 5.0 Spellcasting
 + Level 0.7 Conjurations
 + Level 0.7 Hexes
 + Level 0.7 Summonings
 + Level 0.7 Necromancy
 + Level 0.7 Translocations
 + Level 2.1 Transmutations
 + Level 0.7 Fire Magic
 + Level 0.7 Ice Magic
 + Level 0.7 Air Magic
 + Level 0.7 Earth Magic
 + Level 5.4 Poison Magic
 + Level 1.0 Invocations
 + Level 1.0 Evocations


You had 11 spell levels left.
You knew the following spells:

 Your Spells              Type           Power        Failure   Level
a - Sting                 Tmut/Pois      ###.         4%          1

Your spell library contained the following spells:

 Spells                   Type           Power        Failure   Level
 Poisonous Vapours        Pois/Air       ##....       8%          2
 Ignite Poison            Fire/Tmut/Pois ##......     19%         3
 Olgreb's Toxic Radiance  Pois           ###.....     21%         4
 Mephitic Cloud           Conj/Pois/Air  ##......     22%         3


Dungeon Overview and Level Annotations

Branches:
Dungeon (2/15)

Altars:

Annotations:
D:2 Sigmund


Innate Abilities, Weirdness & Mutations

Your experience applies equally to all skills.
You have very sharp teeth.
Your uncanny sense of smell can sniff out nearby items.


Message History

Aim: a hobgoblin, wielding a +0 club (heavily wounded, poisoned)
The sting hits the hobgoblin.
The hobgoblin looks even sicker.
You kill the hobgoblin!
You see here a long sword.
o - a long sword
o - a +0 long sword (weapon)
Sigmund is nearby!
Sigmund is nearby!
Sigmund is nearby!
You see here a frilled lizard corpse.
You see here a +0 club.
You start resting.
Sigmund is nearby!
You can't see any susceptible monsters within range! (Use Z to cast anyway.) Unknown command.
Aim: Sigmund, wielding a +2 scythe of venom and wearing a cursed +0 robe The sting hits Sigmund.
Sigmund is poisoned.
Sigmund hits you from afar with a +2 scythe of venom.
You are poisoned.
Aim: Sigmund, wielding a +2 scythe of venom and wearing a cursed +0 robe (lightly wounded, poisoned)
The sting hits Sigmund.
Sigmund looks even sicker.
You feel sick. Sigmund closely misses you.
Aim: Sigmund, wielding a +2 scythe of venom and wearing a cursed +0 robe (moderately wounded, very poisoned)
The sting hits Sigmund.
Sigmund looks even sicker.
You feel sick.
Aim: Sigmund, wielding a +2 scythe of venom and wearing a cursed +0 robe (heavily wounded, very poisoned)
The sting misses Sigmund.
You feel sick.
Sigmund points at you and mumbles some strange words.
The puff of flame hits you!
Ouch! That really hurt!
* * * LOW HITPOINT WARNING * * *
It was a potion of stabbing.
You feel ready to backstab.
* * * LOW HITPOINT WARNING * * *
You feel sick.
Sigmund is suddenly surrounded by pale green light.
Sigmund gestures wildly while chanting.
Sigmund flickers and vanishes!
Deactivating autopickup; reactivate with Ctrl-A.
It was a potion of flight.
You feel very buoyant.
You fly up into the air.
* * * LOW HITPOINT WARNING * * *
You feel sick. Something hits you but does no damage.
You are more poisoned.
It was a potion of cancellation.
Your magical effects are unravelling.
You feel magically purged.
You float gracefully downwards.
You feel less ready to backstab.
You die...

#..)....#######
#........#
#......#.########..
##+#..................
..........####..)....#
............#.........
....#....##.#.........
#.....##..........>
#...@†.)...........
#.....###..........
#.{....##..........
#........?.........
#......##.........
####....<............
#.....<...#.........
#.##.!......#...(..
#.........@.


There were no monsters in sight!

Vanquished Creatures
  2 adders (D:2)
  2 dart slugs (D:1)
  5 bats (D:1)
  2 giant cockroaches
  5 goblins
  3 hobgoblins
  A ball python (D:1)
  5 frilled lizards
  A kobold (D:1)
  5 rats (D:1)
31 creatures vanquished.

Notes
Turn   | Place    | Note
-------+----------+-------------------------------------------
     0 | D:1      | Apogee the Gnoll Venom Mage began the quest for the Orb.
     0 | D:1      | Reached XP level 1. HP: 13/13 MP: 6/6
   150 | D:1      | Reached XP level 2. HP: 19/19 MP: 5/7
   578 | D:1      | Reached skill level 5 in Spellcasting
   578 | D:1      | Reached XP level 3. HP: 25/25 MP: 7/9
   750 | D:2      | Noticed Sigmund
   830 | D:2      | Reached skill level 1 in Invocations
   942 | D:2      | Reached skill level 1 in Fighting
   942 | D:2      | Reached skill level 1 in Short Blades
   942 | D:2      | Reached skill level 1 in Long Blades
   942 | D:2      | Reached skill level 1 in Axes
   942 | D:2      | Reached skill level 1 in Maces & Flails
   942 | D:2      | Reached skill level 1 in Polearms
   942 | D:2      | Reached skill level 1 in Staves
   942 | D:2      | Reached skill level 1 in Slings
   942 | D:2      | Reached skill level 1 in Bows
   942 | D:2      | Reached skill level 1 in Crossbows
   942 | D:2      | Reached skill level 1 in Throwing
   942 | D:2      | Reached skill level 1 in Armour
   942 | D:2      | Reached skill level 1 in Shields
   942 | D:2      | Reached skill level 1 in Unarmed Combat
   942 | D:2      | Reached skill level 1 in Evocations
   990 | D:2      | HP: 1/26 [poisoned by Sigmund]
   992 | D:2      | Succumbed to Sigmund's poison

Illustrated notes

Levels and vault maps discovered:
D:1:      dpeg_arrival_three_same_balls, layout_basic
D:2:      layout_rooms, serial_glass, glass_columns_b, glass_columns_c,
          minmay_snake_closets, uniq_sigmund

Skill      XL: |  1  2  3 |
---------------+----------+-----
Transmutations | 2 |  2.1
Spellcasting   | 5 |  5.0
Invocations    | 1 |  1.0
Fighting       | 1 |  1.0
Short Blades   | 1 |  1.0
Long Blades    | 1 |  1.0
Axes           | 1 |  1.0
Maces & Flails | 1 |  1.0
Polearms       | 1 |  1.0
Staves         | 1 |  1.0
Slings         | 1 |  1.0
Bows           | 1 |  1.0
Crossbows      | 1 |  1.0
Throwing       | 1 |  1.0
Armour         | 1 |  1.0
Shields        | 1 |  1.0
Unarmed Combat | 1 |  1.0
Evocations     | 1 |  1.0
Dodging        | |  4.6
Stealth        | |  4.2
Conjurations   | |  0.7
Hexes          | |  0.7
Summonings     | |  0.7
Necromancy     | |  0.7
Translocations | |  0.7
Fire Magic     | |  0.7
Ice Magic      | |  0.7
Air Magic      | |  0.7
Earth Magic    | |  0.7
Poison Magic   | |  5.4

Action                   || total
-------------------------++-------
Melee: Short sword       ||    10
 Cast: Sting             ||    42
  Use: Potion            ||     3
 Stab: Sleeping          ||     2
Armor: Leather armour    ||     7
Dodge: Dodged            ||    10

Table legend: (Time is in decaauts)
 A = Elapsed time spent in this place.
 B = Non-inter-level travel time spent in this place.
 C = Inter-level travel time spent in this place.
 D = Time resting spent in this place.
 E = Time spent auto-exploring this place.
 F = Levels seen in this place.
 G = Mean time per level.
                   A        B        C        D        E       F      G
               +--------+--------+--------+--------+--------+-----+--------+
         Total |    992 |    932 |     60 |     63 |    682 |   2 |  496.0 |
       Dungeon |    992 |    932 |     60 |     63 |    682 |   2 |  496.0 |
               +--------+--------+--------+--------+--------+-----+--------+

Top non-repeatable levels by time:
     D:1: 822 daAuts
     D:2: 169 daAuts
